 Dungeon Crawl Stone Soup version 0.21-a0-522-ga8338f0 (webtiles) character file.

225 slep the Magician (level 6, 0/43 HPs)
             Began as a Formicid Wanderer on Dec 6, 2017.
             Killed from afar by Ijyb (7 damage)
             ... with a wand of flame (26)
             ... on level 4 of the Dungeon.
             The game lasted 00:10:14 (2439 turns).

slep the Magician (Formicid Wanderer)               Turns: 2439, Time: 00:10:14

Health: 0/43       AC:  9    Str: 15    XL:     6   Next: 21%
Magic:  13/13      EV: 11    Int: 12    God:
Gold:   109        SH:  0    Dex: 13    Spells: 14/14 levels left

rFire    . . .     SeeInvis +   i - +0 mace
rCold    . . .     Gourm    .   (no shield)
rNeg     . . .     Faith    .   g - +3 ring mail
rPois    .         Spirit   .   (helmet unavailable)
rElec    .         Reflect  .   p - +0 cloak
rCorr    .         Harm     .   (no gloves)
MR       .....                  (no boots)
Stlth    +.........             (no amulet)
HPRegen  0.14/turn              (no ring)
MPRegen  0.13/turn              (no ring)

@: no status effects
A: permanent stasis, dig shafts and tunnels, four strong arms, antennae 3
a: Dig, Shaft Self


You were on level 4 of the Dungeon.
You were not hungry.

You visited 1 branch of the dungeon, and saw 4 of its levels.

You collected 109 gold pieces.

Inventory:

Hand Weapons
 d - a +0 club
 i - a +0 mace (weapon)
 t - a +0 blowgun
 u - a +0 dagger
Missiles
 v - 12 poisoned needles
Armour
 c - a +0 robe
 g - a +3 ring mail (worn)
 p - a +0 cloak (worn)
Jewellery
 h - a +1 ring of evasion {unknown}
Scrolls
 j - a scroll of noise {unknown}
 m - 2 scrolls of blinking {unknown}
 o - 2 scrolls of remove curse {unknown}
 q - 2 scrolls of identify {unknown}
 r - a scroll of teleportation {unknown}
Potions
 e - 2 potions of heal wounds
 l - a potion of flight {unknown}
Books
 a - a book of Minor Magic

   Spells                             Type                      Level
   a - Magic Dart                     Conjuration                  1
   b - Blink                          Translocation                2
   c - Call Imp                       Summoning                    2
   d - Slow                           Hexes                        2
   e - Conjure Flame                  Conjuration/Fire             3
   f - Mephitic Cloud                 Conjuration/Poison/Air       3
 b - the Volume of the Birds

   Spells                             Type                      Level
   a - Shock                          Conjuration/Air              1
   b - Static Discharge               Conjuration/Air              3
Comestibles
 f - 2 bread rations
 n - 5 fruits
 s - a chunk of flesh
 w - a meat ration
 x - a royal jelly


   Skills:
 + Level 1.4 Fighting
 + Level 2.9 Maces & Flails
 + Level 1.0 Throwing
 + Level 2.4 Armour
 + Level 2.0 Dodging
 + Level 1.6 Stealth
 + Level 4.9 Spellcasting
   Level 1.7 Conjurations
   Level 2.0 Charms


You had 14 spell levels left.
You didn't know any spells.

Dungeon Overview and Level Annotations

Branches:
Dungeon (4/15)
 Temple: D:4-7

Altars:

Annotations:
D:4 Ijyb


Innate Abilities, Weirdness & Mutations

You cannot be hasted, slowed, berserked, paralysed or teleported.
You can dig through walls and to a lower floor.
Your four strong arms can wield two-handed weapons with a shield.
You have a pair of large antennae on your head. (SInv)


Message History

Ijyb is moderately wounded.
* * * LOW HITPOINT WARNING * * *
You feel sick. Ijyb barely misses you.
It was a potion of curing.
You feel better.
Ijyb zaps a wand.
The puff of flame misses you.
You hit Ijyb but do no damage.
Ijyb is moderately wounded.
Ijyb hits you with a dagger.
* * * LOW HITPOINT WARNING * * *
Ijyb hits you but does no damage.
You closely miss Ijyb.
Ijyb is moderately wounded.
Ijyb hits you but does no damage.
You hit Ijyb.
Ijyb is heavily wounded.
Ijyb closely misses you.
You closely miss Ijyb.
Ijyb is heavily wounded.
Ijyb zaps a wand.
The puff of flame hits you!
You die...

......[ .%..(..
....(..
########.....%.
...............
.......<.......
#######........
.#######g#######
.......@.#
##########


You could see Ijyb.

Vanquished Creatures
  A bullfrog (D:3)
  An orc wizard (D:3)
  A worker ant (D:4)
  2 adders (D:2)
  A worm (D:3)
  3 dart slugs
  A leopard gecko (D:2)
  9 orcs
  A ball python (D:1)
  14 giant cockroaches
  6 goblins
  8 hobgoblins
  3 jackals (D:1)
  A quokka (D:2)
  2 bats (D:2)
  3 frilled lizards
  11 kobolds
  3 rats (D:3)
71 creatures vanquished.

Notes
Turn   | Place    | Note
-------+----------+-------------------------------------------
     0 | D:1      | slep the Formicid Wanderer began the quest for the Orb.
     0 | D:1      | slep set off with: a book of Minor Magic, the Volume of the Birds, a +0 robe, a +0 club, a bread ration
     0 | D:1      | Reached XP level 1. HP: 13/13 MP: 5/5
   140 | D:1      | Reached XP level 2. HP: 11/19 MP: 7/7
   429 | D:1      | Reached XP level 3. HP: 16/24 MP: 9/9
   798 | D:2      | Reached skill level 1 in Armour
   798 | D:2      | Reached skill level 1 in Dodging
  1031 | D:2      | Reached XP level 4. HP: 8/31 MP: 10/10
  1073 | D:2      | Reached skill level 1 in Maces & Flails
  1558 | D:3      | Noticed a bullfrog
  1567 | D:3      | Killed a bullfrog
  1567 | D:3      | Reached skill level 1 in Fighting
  1567 | D:3      | Reached XP level 5. HP: 22/37 MP: 12/12
  1755 | D:3      | Found a faded altar of an unknown god.
  1951 | D:3      | Reached XP level 6. HP: 28/43 MP: 13/13
  2406 | D:4      | Noticed Ijyb
  2439 | D:4      | Killed from afar by Ijyb

Vault maps used:
D:1:      dpeg_arrival_prison
D:2:      wad_orctagon
D:3:      chequers_ecumenical_altar_grove
D:4:      first_bread, wad_rectangle_vault, uniq_ijyb

Skill      XL: |  1  2  3  4  5 |
---------------+----------------+-----
Armour         | 1 2 |  2.4
Dodging        | 1 2 |  2.0
Maces & Flails | 2 |  2.9
Fighting       | 1 |  1.4
Throwing       | |  1.0
Stealth        | |  1.6
Spellcasting   | |  4.9
Conjurations   | |  1.7
Charms         | |  2.0

Action                   |  1- 3 |  4- 6 || total
-------------------------+-------+-------++-------
Melee: Club              |    87 |       ||    87
       Mace              |    65 |   192 ||   257
 Fire: Blowgun           |       |     3 ||     3
  Use: Potion            |       |     3 ||     3
 Stab: Sleeping          |     2 |       ||     2
       Invisible         |       |     2 ||     2
  Eat: Chunk             |     1 |     5 ||     6
Armor: Ring mail         |    84 |    98 ||   182
       Robe              |     1 |       ||     1
Dodge: Dodged            |   113 |   116 ||   229

Table legend:
 A = Spawn XP
 B = Non-spawn XP
 C = Spawn XP percentage of total XP
 D = Spawn monster count
 E = Non-spawn monster count
 F = Spawn count percentage of total count
 G = Total turns spent on level
                    A         B        C        D         E        F      G
               +---------+---------+-------+---------+---------+-------+---------
         Total |       0 |     322 |   0.0 |       0 |      71 |   0.0 |  2439
               +---------+---------+-------+---------+---------+-------+---------
           D:1 |       0 |      41 |   0.0 |       0 |      23 |   0.0 |   707
           D:2 |       0 |      66 |   0.0 |       0 |      20 |   0.0 |   826
           D:3 |       0 |     183 |   0.0 |       0 |      27 |   0.0 |   873
           D:4 |       0 |      32 |   0.0 |       0 |       1 |   0.0 |    33
               +---------+---------+-------+---------+---------+-------+---------
